| TOP OF THE 1ST |
|
Eugene Emeralds batting - Pitching for Milwaukee (NYP) Brewers : RHP Tom Wendel
|
|
Pitching: RHP Tom Wendel
|
|
|
Batting: RHB Du Kim
|
0-0: Ball 1-0: Called Strike 1-1: Ground out 5-3 (Groundball, 5, EV 103.8 MPH)
|
|
Batting: RHB Bill Holmes
|
0-0: Swinging Strike 0-1: Ball 1-1: Swinging Strike 1-2: Strikes out swinging
|
|
Batting: RHB Taylor Garofalo
|
0-0: Ball 1-0: Ball 2-0: Ball 3-0: Called Strike 3-1: Called Strike 3-2: Ground out 1-3 (Groundball, 34S, EV 65.6 MPH)
|
| Top of the 1st over - 0 runs, 0 hits, 0 errors, 0 left on base; Eugene 0 - Milwaukee (NYP) 0 |
| BOTTOM OF THE 1ST |
|
Milwaukee (NYP) Brewers batting - Pitching for Eugene Emeralds : RHP Carlos Zavala
|
|
Pitching: RHP Carlos Zavala
|
|
|
Batting: RHB Victor Alarcon
|
0-0: Ball 1-0: Called Strike 1-1: Called Strike 1-2: Ground out 3-1 (Groundball, 34, EV 102.5 MPH)
|
|
Batting: LHB Sal Burgos
|
0-0: Called Strike 0-1: Ball 1-1: Ball 2-1: SINGLE (Line Drive, 8LS, EV 90.6 MPH)
|
|
Batting: LHB Jason Raker
|
0-0: Ball 1-0: Foul Ball, location: 2F 1-1: Ball 2-1: SINGLE (Groundball, 6MD, EV 104.4 MPH) Sal Burgos to second Runner from 2nd tries for 3rd, SAFE, no throw by CF
|
|
Batting: SHB Ramon Perez
|
0-0: Ball Jason Raker steals 2nd base 1-0: Ball 2-0: Ball 3-0: Base on Balls
|
|
Batting: RHB Ryan Miller
|
0-0: SINGLE (Flyball, 9LS, EV 95.6 MPH) Sal Burgos scores Jason Raker to third Ramon Perez to second
|
|
Batting: RHB Juan Villanueva
|
0-0: Fielders Choice at 2nd, 3-6 (Groundball, 3S, EV 82.5 MPH) Jason Raker scores Ramon Perez to third
|
|
Batting: SHB C.J. Olivares
|
0-0: Called Strike 0-1: DOUBLE (Line Drive, 78D, EV 104.4 MPH) Ramon Perez scores Juan Villanueva to third Runner from 3rd tries for Home, SAFE, throw by LF to home
|
|
Pitching: RHP Dustin Buckner
|
|
|
Batting: SHB Jerry Duffy
|
0-0: Ball 1-0: Ball 2-0: Foul Ball, location: 2F 2-1: Ball 3-1: Swinging Strike 3-2: SINGLE (Groundball, 4MD, EV 96.9 MPH) C.J. Olivares to third Runner from 3rd tries for Home, SAFE, throw by CF to home
|
|
Batting: RHB Dusty Bates
|
0-0: Foul Ball, location: 2F 0-1: Ball 1-1: Called Strike 1-2: Ball 2-2: Ball 3-2: Base on Balls Jerry Duffy to second
|
|
Batting: RHB Victor Alarcon
|
0-0: Hit by Pitch Jerry Duffy to third Dusty Bates to second
|
|
Batting: LHB Sal Burgos
|
0-0: Called Strike 0-1: Hit by Pitch Jerry Duffy scores Dusty Bates to third Victor Alarcon to second
|
|
Batting: LHB Jason Raker
|
0-0: Called Strike 0-1: Ball 1-1: Foul Ball, location: 2F 1-2: Fielders Choice at 2nd, 5-4 (Groundball, 5, EV 86.2 MPH)
|
| Bottom of the 1st over - 6 runs, 5 hits, 0 errors, 3 left on base; Eugene 0 - Milwaukee (NYP) 6 |
| TOP OF THE 2ND |
|
Eugene Emeralds batting - Pitching for Milwaukee (NYP) Brewers : RHP Tom Wendel
|
|
Batting: RHB Ryan Bush
|
0-0: Called Strike 0-1: Foul Ball, location: 2F 0-2: Ball 1-2: Ball 2-2: Reached on error, E6 (Groundball, 56, EV 82.5 MPH)
|
|
Batting: RHB Tim Long
|
0-0: Ball 1-0: SINGLE (Groundball, 56D, EV 100.0 MPH) Ryan Bush to second
|
|
Batting: RHB Jerry Blas
|
0-0: Foul Ball, location: 2F 0-1: Ball 1-1: SINGLE (Groundball, 4D, EV 97.5 MPH) Ryan Bush to third Tim Long to second
|
|
Batting: RHB Josh Asch
|
0-0: Ball 1-0: Ball 2-0: Swinging Strike 2-1: Ball 3-1: Base on Balls Ryan Bush scores Tim Long to third Jerry Blas to second
|
|
Batting: RHB Hugo Torrez
|
0-0: Ball 1-0: Foul Ball, location: 2F 1-1: Swinging Strike 1-2: Ball 2-2: SINGLE (Groundball, 56D, EV 94.4 MPH) Tim Long scores Jerry Blas to third Josh Asch to second
|
|
Batting: RHB Alvaro Romero
|
0-0: Ball 1-0: Fly out, F9 (Flyball, 9, EV 86.2 MPH)
|
|
Batting: RHB Du Kim
|
0-0: Called Strike 0-1: Foul Ball, location: 2F 0-2: Ball 1-2: Ball 2-2: Ball Balk! Jerry Blas scores Josh Asch to third Hugo Torrez to second 3-2: Base on Balls
|
|
Batting: RHB Bill Holmes
|
0-0: Foul Ball, location: 2F 0-1: Ball 1-1: Called Strike 1-2: SINGLE (Line Drive, 9S, EV 110.6 MPH) Josh Asch scores Hugo Torrez to third Du Kim to second Runner from 3rd tries for Home, SAFE, throw by RF to home
|
|
Pitching: RHP Corey Pierce
|
|
|
Batting: RHB Taylor Garofalo
|
0-0: Ball 1-0: Called Strike Du Kim steals 3rd base Bill Holmes to second 1-1: Ball 2-1: Ball 3-1: Foul Ball, location: 2F 3-2: Strikes out swinging
|
|
Batting: RHB Ryan Bush
|
0-0: Ball 1-0: Called Strike 1-1: Ball 2-1: Swinging Strike 2-2: Ball 3-2: Base on Balls
|
|
Batting: RHB Tim Long
|
0-0: Ball 1-0: Called Strike 1-1: Ball 2-1: Foul Ball, location: 2F 2-2: Ball Wild Pitch! Du Kim scores Bill Holmes to third Ryan Bush to second 3-2: Strikes out swinging
|
| Top of the 2nd over - 6 runs, 4 hits, 1 error, 2 left on base; Eugene 6 - Milwaukee (NYP) 6 |
| BOTTOM OF THE 2ND |
|
Milwaukee (NYP) Brewers batting - Pitching for Eugene Emeralds : RHP Dustin Buckner
|
|
Pitching: RHP Angel Pesina
|
|
|
Batting: SHB Ramon Perez
|
0-0: Ball 1-0: Foul Ball, location: 2F 1-1: Fly out, F7 (Flyball, 78M, EV 94.4 MPH)
|
|
Batting: RHB Ryan Miller
|
0-0: Foul Ball, location: 2F 0-1: SINGLE (Groundball, 5S, EV 75.6 MPH) (infield hit)
|
|
Batting: RHB Juan Villanueva
|
0-0: Ball Ryan Miller is caught stealing 2nd base 2-4 1-0: Swinging Strike 1-1: Ball 2-1: Ball 3-1: Base on Balls
|
|
Batting: SHB C.J. Olivares
|
0-0: Ball 1-0: Ball 2-0: Ball 3-0: Base on Balls Juan Villanueva to second
|
|
Batting: SHB Jerry Duffy
|
0-0: SINGLE (Groundball, 56S, EV 71.9 MPH) (infield hit) Juan Villanueva to third C.J. Olivares to second
|
|
Batting: RHB Dusty Bates
|
0-0: Called Strike 0-1: Called Strike 0-2: Strikes out swinging
|
| Bottom of the 2nd over - 0 runs, 2 hits, 0 errors, 3 left on base; Eugene 6 - Milwaukee (NYP) 6 |
| TOP OF THE 3RD |
|
Eugene Emeralds batting - Pitching for Milwaukee (NYP) Brewers : RHP Corey Pierce
|
|
Batting: RHB Jerry Blas
|
0-0: SINGLE (Groundball, 34D, EV 107.5 MPH)
|
|
Batting: RHB Josh Asch
|
0-0: Grounds into double play, 4-6-3 (Groundball, 34, EV 84.4 MPH)
|
|
Batting: RHB Hugo Torrez
|
0-0: Ball 1-0: Ball 2-0: Ball 3-0: Base on Balls
|
|
Batting: RHB Alvaro Romero
|
0-0: Called Strike Hugo Torrez is caught stealing 2nd base 2-4
|
| Top of the 3rd over - 0 runs, 1 hit, 0 errors, 0 left on base; Eugene 6 - Milwaukee (NYP) 6 |
| BOTTOM OF THE 3RD |
|
Milwaukee (NYP) Brewers batting - Pitching for Eugene Emeralds : RHP Angel Pesina
|
|
Pitching: LHP Eddie Panagos
|
|
|
Batting: RHB Victor Alarcon
|
0-0: Ball 1-0: Called Strike 1-1: Ball 2-1: Foul Ball, location: 2F 2-2: Ball 3-2: Foul Ball, location: 2F 3-2: Foul Ball, location: 2F 3-2: Foul Ball, location: 2F 3-2: Base on Balls
|
|
Batting: LHB Sal Burgos
|
0-0: Called Strike Victor Alarcon is caught stealing 2nd base 2-6 0-1: Ball 1-1: Fly out, F4 (Line Drive, 34D, EV 104.4 MPH)
|
|
Batting: LHB Jason Raker
|
0-0: Called Strike 0-1: Ball 1-1: Swinging Strike 1-2: Ball 2-2: Ball 3-2: Base on Balls
|
|
Pitching: RHP Dwight Bean
|
|
|
Batting: SHB Ramon Perez
|
0-0: Called Strike Jason Raker steals 2nd base 0-1: Ball 1-1: Ball 2-1: Ball 3-1: Foul Ball, location: 2F 3-2: Base on Balls
|
|
Batting: RHB Ryan Miller
|
0-0: Swinging Strike 0-1: Swinging Strike 0-2: Ball 1-2: SINGLE (Groundball, 6MD, EV 101.2 MPH) Jason Raker to third Ramon Perez to second Runner from 3rd tries for Home, SAFE, throw by CF to home
|
|
Batting: RHB Juan Villanueva
|
0-0: Foul Ball, location: 2F 0-1: 3-RUN HOME RUN (Line Drive, 78XD, EV 115.6 MPH), Distance : 425 ft
|
|
Batting: SHB C.J. Olivares
|
0-0: Ball 1-0: Called Strike 1-1: SOLO HOME RUN (Flyball, 9LD, EV 94.4 MPH), Distance : 336 ft
|
|
Batting: SHB Jerry Duffy
|
0-0: Ball 1-0: Ball 2-0: Called Strike 2-1: Ground out 5-3 (Groundball, 56S, EV 83.1 MPH)
|
| Bottom of the 3rd over - 5 runs, 3 hits, 0 errors, 0 left on base; Eugene 6 - Milwaukee (NYP) 11 |
| TOP OF THE 4TH |
|
Eugene Emeralds batting - Pitching for Milwaukee (NYP) Brewers : RHP Corey Pierce
|
|
Batting: RHB Alvaro Romero
|
0-0: Called Strike 0-1: Called Strike 0-2: Strikes out swinging
|
|
Batting: RHB Du Kim
|
0-0: Foul Ball, location: 2F 0-1: Foul Ball, location: 2F 0-2: Foul Ball, location: 2F 0-2: Hit by Pitch
|
|
Batting: RHB Bill Holmes
|
0-0: Called Strike 0-1: Ball 1-1: Foul Ball, location: 2F 1-2: Ball 2-2: Strikes out swinging
|
|
Pitching: RHP Ryan Walker
|
|
|
Batting: RHB Taylor Garofalo
|
0-0: Ball 1-0: Ball Du Kim steals 2nd base (no throw) 2-0: Ball 3-0: Base on Balls
|
|
Batting: RHB Ryan Bush
|
0-0: Called Strike 0-1: Called Strike 0-2: Ball 1-2: Ball 2-2: Strikes out looking
|
| Top of the 4th over - 0 runs, 0 hits, 0 errors, 2 left on base; Eugene 6 - Milwaukee (NYP) 11 |
| BOTTOM OF THE 4TH |
|
Milwaukee (NYP) Brewers batting - Pitching for Eugene Emeralds : RHP Dwight Bean
|
|
Batting: RHB Dusty Bates
|
0-0: Called Strike 0-1: SINGLE (Line Drive, 6D, EV 96.9 MPH)
|
|
Batting: RHB Victor Alarcon
|
0-0: Called Strike 0-1: Ball 1-1: 2-RUN HOME RUN (Flyball, 7LD, EV 96.9 MPH), Distance : 381 ft
|
|
Batting: LHB Sal Burgos
|
0-0: Ball 1-0: Called Strike 1-1: Ball 2-1: Swinging Strike 2-2: Ball 3-2: Base on Balls
|
|
Batting: LHB Jason Raker
|
0-0: Ball 1-0: Fielders Choice at 2nd, 4-6 (Groundball, 4, EV 106.2 MPH)
|
|
Batting: SHB Ramon Perez
|
0-0: Ball Jason Raker is caught stealing 2nd base 2-6 1-0: SINGLE (Groundball, 4MD, EV 103.8 MPH)
|
|
Batting: RHB Ryan Miller
|
0-0: Ball 1-0: Ball 2-0: Ball 3-0: Base on Balls Ramon Perez to second
|
|
Batting: RHB Juan Villanueva
|
0-0: Ball 1-0: Ball 2-0: Foul Ball, location: 2F 2-1: Swinging Strike 2-2: Ball 3-2: Foul Ball, location: 2F 3-2: Foul Ball, location: 2F 3-2: Foul Ball, location: 2F 3-2: Base on Balls Ramon Perez to third Ryan Miller to second
|
|
Batting: SHB C.J. Olivares
|
0-0: SINGLE (Groundball, 6MD, EV 110.6 MPH) Ramon Perez scores Ryan Miller to third Juan Villanueva to second Runner from 3rd tries for Home, SAFE, throw by CF to home
|
|
Pitching: RHP Roy Battist
|
|
|
Batting: SHB Jerry Duffy
|
0-0: Ground out U3 (Groundball, 3, EV 92.5 MPH)
|
| Bottom of the 4th over - 4 runs, 4 hits, 0 errors, 2 left on base; Eugene 6 - Milwaukee (NYP) 15 |
| TOP OF THE 5TH |
|
Eugene Emeralds batting - Pitching for Milwaukee (NYP) Brewers : RHP Ryan Walker
|
|
Batting: RHB Tim Long
|
0-0: Ball 1-0: Called Strike 1-1: Ball 2-1: Called Strike 2-2: Strikes out swinging, 2-3 out at first.
|
|
Batting: RHB Jerry Blas
|
0-0: Ball 1-0: Foul Ball, location: 2F 1-1: Ball 2-1: Swinging Strike 2-2: Strikes out swinging
|
|
Batting: RHB Josh Asch
|
0-0: TRIPLE (Line Drive, 9LD, EV 108.8 MPH)
|
|
Batting: RHB Hugo Torrez
|
0-0: Ball 1-0: Ball 2-0: Called Strike 2-1: Ball 3-1: Swinging Strike 3-2: Base on Balls
|
|
Batting: RHB Alvaro Romero
|
0-0: Ball 1-0: Ball 2-0: Ball 3-0: Base on Balls Hugo Torrez to second
|
|
Batting: RHB Du Kim
|
0-0: Called Strike 0-1: Ball 1-1: Ball 2-1: Ball 3-1: Swinging Strike 3-2: Foul Ball, location: 2F 3-2: Base on Balls Josh Asch scores Hugo Torrez to third Alvaro Romero to second
|
|
Batting: RHB Bill Holmes
|
0-0: Foul Ball, location: 2F 0-1: Ball 1-1: Ball 2-1: Ball 3-1: Foul Ball, location: 2F 3-2: Base on Balls Hugo Torrez scores Alvaro Romero to third Du Kim to second
|
|
Batting: RHB Taylor Garofalo
|
0-0: Called Strike 0-1: Foul Ball, location: 2F 0-2: Strikes out swinging
|
| Top of the 5th over - 2 runs, 1 hit, 0 errors, 3 left on base; Eugene 8 - Milwaukee (NYP) 15 |
| BOTTOM OF THE 5TH |
|
Milwaukee (NYP) Brewers batting - Pitching for Eugene Emeralds : RHP Roy Battist
|
|
Batting: RHB Dusty Bates
|
0-0: Called Strike 0-1: Ball 1-1: Ball 2-1: Ball 3-1: Base on Balls
|
|
Batting: RHB Victor Alarcon
|
0-0: Called Strike 0-1: Foul Ball, location: 2F 0-2: Ball 1-2: Foul Ball, location: 2F 1-2: Ball 2-2: Strikes out swinging
|
|
Batting: LHB Sal Burgos
|
0-0: Ball 1-0: Ball 2-0: DOUBLE (Flyball, 7LD, EV 90.0 MPH) Dusty Bates to third
|
|
Batting: LHB Jason Raker
|
0-0: Called Strike 0-1: SINGLE (Groundball, 25, EV 67.5 MPH) (infield hit)
|
|
Batting: SHB Ramon Perez
|
0-0: Ball 1-0: Called Strike 1-1: Ball Balk! Dusty Bates scores Sal Burgos to third Jason Raker to second 2-1: Ball 3-1: Base on Balls
|
|
Batting: RHB Ryan Miller
|
0-0: Fielders Choice at 2nd, 4-6 (Groundball, 34, EV 102.5 MPH) Sal Burgos scores Jason Raker to third
|
|
Batting: RHB Juan Villanueva
|
0-0: Swinging Strike 0-1: Fly out, F8 (Line Drive, 8LD, EV 105.6 MPH)
|
| Bottom of the 5th over - 2 runs, 2 hits, 0 errors, 2 left on base; Eugene 8 - Milwaukee (NYP) 17 |
| TOP OF THE 6TH |
|
Eugene Emeralds batting - Pitching for Milwaukee (NYP) Brewers : RHP Ryan Walker
|
|
Batting: RHB Ryan Bush
|
0-0: Foul Ball, location: 2F 0-1: Ball 1-1: Called Strike 1-2: Foul Ball, location: 2F 1-2: Fly out, F8 (Flyball, 89D, EV 100.0 MPH)
|
|
Batting: RHB Tim Long
|
0-0: Ball 1-0: Ball 2-0: Ball 3-0: Called Strike 3-1: SOLO HOME RUN (Flyball, 8LXD, EV 115.6 MPH), Distance : 459 ft
|
|
Pitching: LHP Mark Gregor
|
|
|
Batting: RHB Jerry Blas
|
0-0: Ground out 5-3 (Groundball, 56S, EV 76.9 MPH)
|
|
Batting: RHB Josh Asch
|
0-0: Called Strike 0-1: Foul Ball, location: 2F 0-2: Ball 1-2: Foul Ball, location: 2F 1-2: Fly out, F9 (Flyball, 89M, EV 96.9 MPH)
|
| Top of the 6th over - 1 run, 1 hit, 0 errors, 0 left on base; Eugene 9 - Milwaukee (NYP) 17 |
| BOTTOM OF THE 6TH |
|
Milwaukee (NYP) Brewers batting - Pitching for Eugene Emeralds : RHP Roy Battist
|
|
Batting: SHB C.J. Olivares
|
0-0: Fly out, F7 (Flyball, 7LM, EV 91.9 MPH)
|
|
Batting: SHB Jerry Duffy
|
0-0: Ball 1-0: Ball 2-0: Ball 3-0: Called Strike 3-1: DOUBLE (Flyball, 8LXD, EV 99.4 MPH)
|
|
Batting: RHB Dusty Bates
|
0-0: Swinging Strike 0-1: Fly out, F8 (Line Drive, 89D, EV 109.4 MPH)
|
|
Batting: RHB Victor Alarcon
|
Balk! Jerry Duffy to third 0-0: Ball 1-0: Foul Ball, location: 2F 1-1: Swinging Strike 1-2: Ground out 6-3 (Groundball, 6, EV 106.9 MPH)
|
| Bottom of the 6th over - 0 runs, 1 hit, 0 errors, 1 left on base; Eugene 9 - Milwaukee (NYP) 17 |
| TOP OF THE 7TH |
|
Eugene Emeralds batting - Pitching for Milwaukee (NYP) Brewers : LHP Mark Gregor
|
|
Batting: RHB Hugo Torrez
|
0-0: Called Strike 0-1: Ball 1-1: Ball 2-1: Foul Ball, location: 2F 2-2: Ball 3-2: Foul Ball, location: 2F 3-2: Base on Balls
|
|
Batting: RHB Alvaro Romero
|
0-0: Ball 1-0: Called Strike Hugo Torrez steals 2nd base (no throw) 1-1: Swinging Strike 1-2: Ball 2-2: Ball 3-2: Foul Ball, location: 2F 3-2: Base on Balls
|
|
Batting: RHB Du Kim
|
0-0: Ball Balk! Hugo Torrez to third Alvaro Romero to second 1-0: Ball 2-0: Ball 3-0: Called Strike 3-1: DOUBLE (Groundball, 5L, EV 100.6 MPH) Hugo Torrez scores Alvaro Romero scores
|
|
Batting: RHB Bill Holmes
|
0-0: Ball 1-0: SINGLE (Line Drive, 8RS, EV 113.8 MPH) Du Kim to third
|
|
Batting: RHB Taylor Garofalo
|
0-0: Foul Ball, location: 2F 0-1: SINGLE (Groundball, 6D, EV 98.1 MPH) Du Kim scores Bill Holmes to second
|
|
Pitching: RHP Harry Hammons
|
|
|
Batting: RHB Ryan Bush
|
0-0: Ball 1-0: Swinging Strike 1-1: Foul Ball, location: 2F 1-2: Strikes out swinging
|
|
Batting: RHB Tim Long
|
0-0: Called Strike 0-1: Ball 1-1: Called Strike 1-2: Fielders Choice at 2nd, 6-4 (Groundball, 56, EV 91.9 MPH) Bill Holmes to third
|
|
Batting: RHB Jerry Blas
|
0-0: Swinging Strike 0-1: SINGLE (Groundball, 56D, EV 93.8 MPH) Bill Holmes scores Tim Long to second
|
|
Batting: RHB Josh Asch
|
0-0: Swinging Strike 0-1: Fly out, F8 (Flyball, 8RM, EV 83.1 MPH)
|
| Top of the 7th over - 4 runs, 4 hits, 0 errors, 2 left on base; Eugene 13 - Milwaukee (NYP) 17 |
| BOTTOM OF THE 7TH |
|
Milwaukee (NYP) Brewers batting - Pitching for Eugene Emeralds : RHP Roy Battist
|
|
Batting: LHB Sal Burgos
|
0-0: Ball 1-0: Foul Ball, location: 2F 1-1: Ball 2-1: Foul Ball, location: 2F 2-2: Foul Ball, location: 2F 2-2: Ball 3-2: Base on Balls
|
|
Batting: LHB Jason Raker
|
0-0: Ball 1-0: Ball 2-0: Ball 3-0: Called Strike 3-1: Base on Balls Sal Burgos to second
|
|
Batting: SHB Ramon Perez
|
0-0: Ball Balk! Sal Burgos to third Jason Raker to second 1-0: Ball 2-0: Called Strike 2-1: Swinging Strike 2-2: Strikes out swinging
|
|
Batting: RHB Ryan Miller
|
0-0: Ball 1-0: SINGLE (Groundball, 56D, EV 103.8 MPH) Sal Burgos scores Jason Raker to third Runner from 3rd tries for Home, SAFE, throw by LF to home
|
|
Batting: RHB Juan Villanueva
|
0-0: Ball Ryan Miller steals 2nd base 1-0: Called Strike 1-1: Swinging Strike 1-2: Ball Balk! Ryan Miller to third Balk! Ryan Miller scores 2-2: Foul Ball, location: 2F 2-2: Ball 3-2: Base on Balls
|
|
Pitching: RHP Juan Bonilla
|
|
|
Batting: SHB C.J. Olivares
|
0-0: Foul Ball, location: 2F 0-1: Called Strike 0-2: Ball 1-2: Foul Ball, location: 2F 1-2: Ball 2-2: Ball 3-2: Foul Ball, location: 2F 3-2: Base on Balls Juan Villanueva to second
|
|
Batting: SHB Jerry Duffy
|
0-0: Foul Ball, location: 2F 0-1: Foul Ball, location: 2F 0-2: Foul Ball, location: 2F 0-2: Ball 1-2: Fielders Choice at 2nd, 3-6 (Groundball, 3, EV 86.2 MPH) Juan Villanueva to third
|
|
Batting: RHB Dusty Bates
|
0-0: Called Strike 0-1: Foul Ball, location: 2F Balk! Juan Villanueva scores Jerry Duffy to second 0-2: Foul Ball, location: 2F 0-2: Ball 1-2: Ball 2-2: Ground out 6-3 (Groundball, 6, EV 86.9 MPH)
|
| Bottom of the 7th over - 4 runs, 1 hit, 0 errors, 1 left on base; Eugene 13 - Milwaukee (NYP) 21 |
| TOP OF THE 8TH |
|
Eugene Emeralds batting - Pitching for Milwaukee (NYP) Brewers : RHP Harry Hammons
|
|
Batting: RHB Hugo Torrez
|
0-0: Fly out, F7 (Line Drive, 7S, EV 94.4 MPH)
|
|
Batting: RHB Alvaro Romero
|
0-0: Ball 1-0: Swinging Strike 1-1: Ball 2-1: Swinging Strike 2-2: Strikes out swinging
|
|
Batting: RHB Du Kim
|
0-0: Ground out 6-3 (Groundball, 6M, EV 105.0 MPH)
|
| Top of the 8th over - 0 runs, 0 hits, 0 errors, 0 left on base; Eugene 13 - Milwaukee (NYP) 21 |
| BOTTOM OF THE 8TH |
|
Milwaukee (NYP) Brewers batting - Pitching for Eugene Emeralds : RHP Juan Bonilla
|
|
Batting: RHB Victor Alarcon
|
0-0: SOLO HOME RUN (Line Drive, 9D, EV 105.0 MPH) (Inside the Park)
|
|
Batting: LHB Sal Burgos
|
0-0: Called Strike 0-1: Ball 1-1: Foul Ball, location: 2F 1-2: Foul Ball, location: 2F 1-2: Hit by Pitch
|
|
Batting: LHB Jason Raker
|
0-0: Called Strike 0-1: Ball 1-1: SINGLE (Flyball, 8LS, EV 91.2 MPH) Sal Burgos to second
|
|
Batting: SHB Ramon Perez
|
0-0: Ball 1-0: Called Strike 1-1: Fly out, F9 (Flyball, 89M, EV 76.9 MPH)
|
|
Batting: RHB Ryan Miller
|
0-0: Ball 1-0: Ball 2-0: Ball 3-0: Base on Balls Sal Burgos to third Jason Raker to second
|
|
Batting: RHB Juan Villanueva
|
0-0: Ball 1-0: Called Strike 1-1: Called Strike 1-2: GRAND SLAM HOME RUN (Line Drive, 9D, EV 98.1 MPH), Distance : 372 ft
|
|
Pitching: RHP Josh Burns
|
|
|
Batting: SHB C.J. Olivares
|
0-0: Ground out 1-3 (Groundball, 34S, EV 75.0 MPH)
|
|
Batting: SHB Jerry Duffy
|
0-0: Ball 1-0: Ball 2-0: SINGLE (Groundball, 6D, EV 101.9 MPH)
|
|
Batting: RHB Dusty Bates
|
0-0: Foul Ball, location: 2F 0-1: Called Strike 0-2: Fielders Choice at 2nd, 6-4 (Groundball, 6, EV 108.8 MPH)
|
| Bottom of the 8th over - 5 runs, 4 hits, 0 errors, 1 left on base; Eugene 13 - Milwaukee (NYP) 26 |
| TOP OF THE 9TH |
|
Eugene Emeralds batting - Pitching for Milwaukee (NYP) Brewers : RHP Harry Hammons
|
|
Batting: RHB Bill Holmes
|
0-0: Called Strike 0-1: Ball 1-1: Ball 2-1: Ground out 4-3 (Groundball, 4, EV 90.0 MPH)
|
|
Batting: RHB Taylor Garofalo
|
0-0: Called Strike 0-1: Swinging Strike 0-2: Strikes out looking
|
|
Batting: RHB Ryan Bush
|
0-0: Ball 1-0: Foul Ball, location: 2F 1-1: Ball 2-1: Ball 3-1: Foul Ball, location: 2F 3-2: Foul Ball, location: 2F 3-2: Foul Ball, location: 2F 3-2: Base on Balls
|
|
Batting: RHB Tim Long
|
0-0: Ball 1-0: Foul Ball, location: 2F 1-1: Ball 2-1: Ball Wild Pitch! Ryan Bush to second 3-1: Foul Ball, location: 2F 3-2: Fly out, F9 (Flyball, 9LS, EV 82.5 MPH)
|
| Top of the 9th over - 0 runs, 0 hits, 0 errors, 1 left on base; Eugene 13 - Milwaukee (NYP) 26 |
|